 Dungeon Crawl Stone Soup version 0.31-a0-177-g4aa6249778 (webtiles) character file.

Game seed: 14296800827201885744

75 qw the Chopper (level 4, -1/28 HPs)
             Began as a Gargoyle Fighter on June 18, 2023.
             Killed by divine providence
             ... invoked by an orc priest
              (12 damage)
             ... on level 3 of the Dungeon.
             The game lasted 00:01:00 (2415 turns).

qw the Chopper (Gargoyle Fighter)                   Turns: 2415, Time: 00:01:00

Health: -1/28      AC: 13    Str: 24      XL:     4   Next: 31%
Magic:  4/4        EV:  9    Int:  8 (9)  God:
Gold:   93         SH:  4    Dex:  7 (9)  Spells: 3/3 levels left

rFire   . . .        Y - +0 war axe
rCold   . . .        c - +0 buckler
rNeg    + . .        b - +0 scale mail
rPois   inf          (no helmet)
rElec   +            l - +0 cloak
rCorr   .            h - +0 pair of gloves "Yrualuvu" {Str+3}
SInv    .            m - +0 pair of boots
Will    .....        (no amulet) Stlth
                     (no ring)
HPRegen 0.24/turn    (no ring)
MPRegen 0.09/turn

%: no passive effects
@: no status effects
A: sickness immunity, AC +3, negative energy resistance 1, electricity
resistance, torment resistance 1, petrification resistance
a: no special abilities


You were on level 3 of the Dungeon.
You visited 1 branch of the dungeon, and saw 3 of its levels.

You collected 93 gold pieces.


Innate Abilities, Weirdness & Mutations

You are immune to sickness and miasma.
Your stone body is resilient. (AC +3)
You are immune to poison.
You resist negative energy. (rN+)
You are resistant to electric shocks. (rElec)
You are resistant to unholy torment.
You are immune to petrification.


   Skills:
 - Level 3.2 Fighting
 + Level 4.0 Axes
 - Level 3.2 Armour
 - Level 3.2 Shields


You had 3 spell levels left.
You didn't know any spells.
Your spell library was empty.

Inventory:

Hand Weapons
 n - a +0 whip
 Y - a +0 war axe (weapon)
Armour
 b - a +0 scale mail (worn)
 c - a +0 buckler (worn)
 h - the +0 pair of gloves "Yrualuvu" (worn) {Str+3}
   (You found it on level 2 of the Dungeon)

   Str:       It affects your strength (+3).
 l - a +0 cloak (worn)
 m - a +0 pair of boots (worn)
Scrolls
 o - a scroll of identify
Potions
 a - a potion of curing {unknown}
 d - a potion of might
 e - a potion of resistance
 f - a potion of enlightenment {unknown}
 i - 2 potions of lignification
 j - a potion of attraction {unknown}
 k - a potion of heal wounds
 q - a potion of mutation {unknown}
 r - a potion of brilliance {unknown}

Dungeon Overview and Level Annotations

Branches:
Dungeon (3/15)

Altars:
Ashenzari
Qazlal


Message History

The orc priest looks satisfied for a moment.
The orc throws a boomerang.
You block the boomerang.
You closely miss the orc. You miss something.
The orc hits you but does no damage.
You slash the orc!
You kill the orc!
You barely miss something.
An orc comes into view. It is wielding a +0 dagger.
Something hits you but does no damage.
The orc throws a boomerang.
The boomerang hits you but does no damage.
An orc comes into view. It is wielding a +0 hand axe.
The orc shouts!
You hear a shout!
The orc priest hits you with a +0 trident!
Something hits you but does no damage. The orc closely misses you.
You closely miss the orc priest. You closely miss the orc.
You barely miss something.
You hear some strange, mumbled words.
A puff of flame appears from out of thin air!
The puff of flame hits you. The orc priest closely misses you.
The orc hits you but does no damage. x2; The orc priest barely misses you.
Something hits you.
You hit the orc priest.
The orc priest is moderately wounded.
You miss something. You barely miss the orc.
The orc priest looks braver for a moment.
Something hits you but does no damage. The orc barely misses you.
You hit the orc priest.
The orc priest is moderately wounded.
You closely miss the orc. You miss something. Something completely misses you.
The orc priest barely misses you. The orc hits you but does no damage.
You closely miss the orc priest.
The orc priest is moderately wounded.
You barely miss the orc. You hit something. The orc priest closely misses you.
Something hits you but does no damage. The orc hits you but does no damage.
An orc comes into view. It is wielding a +2 flail of venom.
The orc priest mumbles some strange prayers to Beogh against you.
Beogh smites you!
You die...

#.#. ..# #.##.......
##.#.###.# #.##..¤.~¤~
#..[...#.# #.##....~¤¤
#......#.# #.##...~###
###......#.###.##...#¤~¤
#...................#~8>
#.)..$.......#.##.¤¤~~_¤
#....o){......##.~~#~~~
#...oo@.<.........~~##~
#..oo########......~...
#.... ...........¤. ###.
#####......¤. #o
##....... # ##>.###.
#.## ## #.# # #. #


You could see an orc priest and 4 orcs.

Vanquished Creatures
  2 adders (D:2)
  A worm (D:2)
  6 orcs (D:3)
  3 endoplasms
  4 giant cockroaches
  4 goblins
  5 hobgoblins
  4 jackals
  3 ball pythons (D:2)
  4 bats
  2 frilled lizards
  4 kobolds
  3 rats
45 creatures vanquished.

Notes
Turn   | Place    | Note
-------+----------+-------------------------------------------
     0 | D:1      | qw the Gargoyle Fighter began the quest for the Orb.
     0 | D:1      | Reached XP level 1. HP: 14/14 MP: 1/1
     0 | D:1      | 0 ||| qw: Version: 0.3-a-5-g6f28e65
     0 | D:1      | 0 ||| qw: Game counter: 551
     0 | D:1      | 0 ||| qw: Always use a shield: true
     0 | D:1      | 0 ||| qw: God list: Okawaru
     0 | D:1      | 0 ||| qw: Allow faded altars: false
     0 | D:1      | 0 ||| qw: Do Orc after D:15 true
     0 | D:1      | 0 ||| qw: Do second Lair branch before Depths: true
     0 | D:1      | 0 ||| qw: Lair rune preference: random
     0 | D:1      | 0 ||| qw: Plans: Normal, Zot:1-4, Slime:5, God:TSO, Crypt,
                  | Tomb, Abyss, Pan, Hells, Win
     0 | D:1      | 0 ||| PLANNING D:1-11
   117 | D:1      | Reached skill level 2 in Axes
   180 | D:1      | Reached XP level 2. HP: 18/19 MP: 2/2
   823 | D:1      | 823 ||| UPGRADING to +0 cloak.
   828 | D:1      | 828 ||| UPGRADING to +0 pair of boots.
   833 | D:1      | 833 ||| READING scroll labelled TAMAHI TODU.
   834 | D:1      | 834 ||| DRINKING 2 red potions.
   835 | D:1      | 835 ||| DRINKING 3 puce potions.
   836 | D:1      | 836 ||| DROPPING 2 potions of degeneration.
  1052 | D:2      | Identified the +0 pair of gloves "Yrualuvu" {Str+3}
  1164 | D:2      | Reached skill level 3 in Axes
  1202 | D:2      | 1202 ||| Stepping ~*~*~tactically~*~*~ (water).
  1267 | D:2      | Reached XP level 3. HP: 23/23 MP: 3/3
  1400 | D:2      | Found a broken altar of Ashenzari.
  1774 | D:2      | 1774 ||| Stepping ~*~*~tactically~*~*~ (stealth).
  1948 | D:2      | Reached XP level 4. HP: 28/28 MP: 4/4
  2059 | D:2      | 2059 ||| UPGRADING to +0 pair of gloves "Yrualuvu" {Str+3}.
  2064 | D:2      | 2064 ||| DROPPING ring of flight.
  2065 | D:2      | 2065 ||| READING scroll labelled MEXY XOISTRUA.
  2066 | D:2      | 2066 ||| READING 3 scrolls labelled NYUPPA HAPP.
  2067 | D:2      | 2067 ||| READING 2 scrolls labelled PEFIUN MAHOILI.
  2068 | D:2      | 2068 ||| READING scroll labelled HEACLE YCISER.
  2069 | D:2      | 2069 ||| DRINKING 3 amethyst potions.
  2106 | D:2      | 2106 ||| DRINKING 2 lumpy ruby potions.
  2107 | D:2      | 2107 ||| DROPPING 2 scrolls of noise.
  2200 | D:3      | Reached skill level 4 in Axes
  2203 | D:3      | 2203 ||| DROPPING +0 club.
  2241 | D:3      | Found a stormy altar of Qazlal.
  2406 | D:3      | 2406 ||| Stepping ~*~*~tactically~*~*~ (hiding).
  2415 | D:3      | Killed from afar by an orc priest

Levels and vault maps discovered:
D:1:      amcnicky_arrival_blooded_trapdoor, layout_loops_ring,
          minmay_misc_feat_roman, hex_tiny, chequers_serial_rivers_large_a,
          bh_walls_and_bars
D:2:      minmay_skewed_foursquare, layout_basic, basic_altar, serial_bayou,
          serial_bayou_pond_c, serial_bayou_pond_e, serial_bayou_pond_c,
          serial_bayou_pond_c
D:3:      layout_basic, trog_wizard, nicolae_qazlal_general_emergency,
          kennysheep_cluttered_room, minmay_crystal_water

Skill      XL: |  1  2  3  4 |
---------------+-------------+-----
Axes           | 2 3 4 |  4.0
Fighting       | |  3.2
Armour         | |  3.2
Shields        | |  3.2

Action                     |  1- 3 |  4- 6 || total
---------------------------+-------+-------++-------
  Melee: War axe           |   127 |    29 ||   156
    Use: Potion            |     2 |     2 ||     4
         Scroll            |     1 |     4 ||     5
 Armour: Scale mail        |    69 |    20 ||    89
  Dodge: Dodged            |    61 |    14 ||    75
  Block: Buckler           |    22 |     4 ||    26

Table legend:
 A = Non-vault XP
 B = Vault XP
 C = Vault XP percentage of total XP
 D = Non-vault monster count
 E = Vault monster count
 F = Vault count percentage of total count
                 A         B        C        D         E       F
            +---------+---------+-------+---------+---------+-------
      Total |      92 |      16 |  14.8 |      37 |       8 |  17.8
            +---------+---------+-------+---------+---------+-------
        D:1 |      23 |       0 |   0.0 |      14 |       0 |   0.0
        D:2 |      47 |      16 |  25.4 |      15 |       8 |  34.8
        D:3 |      22 |       0 |   0.0 |       8 |       0 |   0.0
            +---------+---------+-------+---------+---------+-------
